 Dungeon Crawl Stone Soup version 0.31.0-11-ge490571c62 (webtiles) character file.

Game seed: 678946666703391521

278 DemonSlayer the Digger (level 6, -4/42 HPs)
             Began as a Demonspawn Earth Elementalist on Feb 7, 2024.
             Slain by Grinder (6 damage)
             ... while paralysed by Grinder
             ... on level 5 of the Dungeon.
             The game lasted 00:04:36 (3939 turns).

DemonSlayer the Digger (DsEE)                       Turns: 3939, Time: 00:04:38

Health: -4/42      AC:  3    Str:  8    XL:     6   Next: 5%
Magic:  11/12      EV:  2    Int: 15    God:
Gold:   311        SH:  0    Dex: 16    Spells: 5/13 levels left

rFire   . . .        p - +1 falchion (vamp)
rCold   + . .        (no shield)
rNeg    . . .        a - +0 robe
rPois   .            (helmet restricted)
rElec   .            (no cloak)
rCorr   .            d - +0 pair of gloves
SInv    .            (no boots)
Will    .....        (no amulet)
Stlth   ++           g - ring of protection from cold
HPRegen 0.27/turn    (no ring)
MPRegen 0.13/turn

%: no passive effects
@: paralysed
A: horns 1, condensation shield, weakness stinger 1
a: no special abilities


You were on level 5 of the Dungeon.
You visited 1 branch of the dungeon, and saw 5 of its levels.

You collected 311 gold pieces.

Inventory:

Hand Weapons
 h - a +0 dagger
 p - a +1 vampiric falchion (weapon)
Armour
 a - a +0 robe (worn)
 d - a +0 pair of gloves (worn)
Jewellery
 g - a ring of protection from cold (left hand)
Scrolls
 l - a scroll of revelation {unknown}
 m - 3 scrolls of teleportation {unknown}
 n - a scroll of enchant armour {unknown}
 q - 2 scrolls of vulnerability {unknown}
 r - a scroll of blinking {unknown}
 s - a scroll of fog {unknown}
 t - a scroll of immolation {unknown}
 u - a scroll of identify
Potions
 b - a potion of magic
 c - a potion of degeneration {unknown}
 e - 3 potions of curing {unknown}
 f - a potion of ambrosia
 i - a potion of berserk rage
 j - a potion of mutation
 k - 3 potions of enlightenment
 o - a potion of heal wounds {unknown}
 v - a potion of brilliance {unknown}


   Skills:
 + Level 0.3 Fighting
 + Level 0.1 Long Blades
 + Level 2.4 Dodging
 + Level 2.1 Stealth
 + Level 0.2 Shields
 + Level 4.1 Spellcasting
 + Level 1.0 Conjurations
 + Level 4.4 Earth Magic


You had 5 spell levels left.
You knew the following spells:

 Your Spells              Type           Power      Damage    Failure   Level
a - Sandblast             Erth           32%        2d9       3%          1
b - Stone Arrow           Conj/Erth      22%        3d8       19%         3
c - Petrify               Alch/Erth      9%         N/A       58%         4

Your spell library contained the following spells:

 Spells                   Type           Power      Damage    Failure   Level
 Passwall                 Erth           16%        N/A       9%          3
 Sting                    Conj/Alch      16%        1d4       14%         1
 Apportation              Tloc           6%         N/A       19%         1
 Necrotise                Necr           12%        1d4       19%         1
 Summon Small Mammal      Summ           12%        N/A       19%         1
 Inner Flame              Hex/Fire       3%         N/A       47%         3
 Brom's Barrelling Bould  Conj/Erth      11%        2d3       52%         4
 Flame Wave               Conj/Fire      4%         2d5       82%         4
 Sticky Flame             Fire/Alch      3%         2d4       87%         4


Dungeon Overview and Level Annotations

Branches:
Dungeon (5/15)
 Temple: D:4-7

Altars:
Dithmenos
Makhleb
Uskayaw

Shops:
D:3 :

Annotations:
D:5 Grinder


Innate Abilities, Weirdness & Mutations

You have a pair of small horns on your head.
A meltable shield of frost defends you. (SH +4)
You have a small tail.


Message History

You see here 9 stones.
Things that are here:
a +0 club; a +0 morningstar
There is a stone staircase leading down here.
You climb downwards.
There is a stone staircase leading up here.
There is a stone staircase leading down here.
You climb downwards.
Grinder shouts!
The gnoll shouts!
You hear a shout! x2; The gnoll shouts!
Found a ring mail and a scroll labelled LYAKEQ WIUDAERR.
Found a stone staircase leading down.
There is a stone staircase leading up here.
There are monsters nearby!
The blast of sand misses Grinder.
You hear a bark!
You hear an angry hiss.
A gnoll comes into view. It is wielding a +0 club.
A gnoll bouda comes into view. It is wielding a +0 whip.
The blast of sand misses Grinder.
The gnoll bouda shouts!
A hound comes into view.
Grinder says, "Don't move a muscle."
Grinder hits you.
You writhe in agony.
Grinder gestures at you.
You suddenly lose the ability to move!
You stop ascending the stairs.
The gnoll shouts!
The gnoll hits you with a +0 whip. Grinder hits you.
The gnoll hits you with a +0 whip. The gnoll hits you with a +0 flail.
The gnoll bouda barks out a call to the hunt!
The gnolls pick up the pace!
Grinder says, "Don't move a muscle."
Grinder hits you.
You writhe in agony.
The hound bites you. The gnoll hits you with a +0 whip!
* * * LOW HITPOINT WARNING * * *
The gnoll hits you with a +0 flail.
* * * LOW HITPOINT WARNING * * *
Grinder hits you.
* * * LOW HITPOINT WARNING * * *
You writhe in agony.
You die...
Grinder sighs, "Dead already?
I want a refund."

?.. #..># ..#
...##...##..##
.............+
.............#
............#
............#
......h5....#
...gg.g@....#
....g.g.....#
.[..........#
...##..######
.. #.. . ...
#... #...


You could see Grinder, a gnoll bouda, a hound and 4 gnolls.

Vanquished Creatures
  A phantom (D:4)
  A bullfrog (D:4)
  Natasha (D:2)
  5 adders
  2 dart slugs
  A ribbon worm (D:3)
  6 orcs
  8 bats
  4 endoplasms
  2 giant cockroaches
  3 goblins
  8 hobgoblins
  4 jackals (D:4)
  4 kobolds
  2 quokkas (D:2)
  5 ball pythons
  3 frilled lizards (D:3)
  5 rats
65 creatures vanquished.

Notes
Turn   | Place    | Note
-------+----------+-------------------------------------------
     0 | D:1      | DemonSlayer the Demonspawn Earth Elementalist began the
                  | quest for the Orb.
     0 | D:1      | Reached XP level 1. HP: 13/13 MP: 3/3
   386 | D:1      | Gained mutation: A meltable shield of frost defends you.
                  | (SH +4) [demonic ancestry]
   386 | D:1      | Reached XP level 2. HP: 19/19 MP: 3/5
   936 | D:2      | Found a faded altar of an unknown god.
  1261 | D:2      | Discovered your monstrous ancestry.
  1261 | D:2      | Gained mutation: You have a small tail. [demonic ancestry]
  1261 | D:2      | Reached XP level 3. HP: 24/24 MP: 4/6
  1265 | D:2      | Learned a level 3 spell: Stone Arrow
  1490 | D:2      | Noticed Natasha
  1504 | D:2      | Killed Natasha
  1580 | D:2      | Reached XP level 4. HP: 30/30 MP: 5/8
  1767 | D:2      | Learned a level 4 spell: Petrify
  2165 | D:3      | Found Beughaot's Book Boutique.
  2762 | D:3      | Found a burning altar of Makhleb.
  2903 | D:3      | You fall into a shaft and drop 1 floor!
  2958 | D:4      | Noticed a bullfrog
  2964 | D:4      | Killed a bullfrog
  2965 | D:4      | Gained mutation: You have a pair of small horns on your
                  | head. [demonic ancestry]
  2965 | D:4      | Reached XP level 5. HP: 9/35 MP: 5/10
  3129 | D:4      | Identified the +1 long sword of Sequestration {vamp, Str-3
                  | Int+3 Dex+4}
  3254 | D:4      | Noticed a phantom
  3260 | D:4      | Killed a phantom
  3330 | D:4      | Reached XP level 6. HP: 42/42 MP: 10/12
  3467 | D:4      | Found a hide-covered altar of Uskayaw.
  3467 | D:4      | Found a shadowy altar of Dithmenos.
  3933 | D:5      | Entered Level 5 of the Dungeon
  3933 | D:5      | Noticed Grinder
  3936 | D:5      | Paralysed by Grinder for 4 turns
  3939 | D:5      | HP: 2/42 [Grinder (2)]
  3939 | D:5      | Slain by Grinder

Illustrated notes

Levels and vault maps discovered:
D:1:      roderic_dead_forest, layout_basic
D:2:      layout_basic, nicolae_ecumenical_lake_church, amethyst_killhole,
          kennysheep_generic_room_12, uniq_natasha
D:3:      layout_loops_ring, amcnicky_altar_gilded, serial_shops, shop,
          nrook_mini_backslash, kennysheep_pointless_box
D:4:      layout_cave_pools, gammafunk_temple_overflow_statue,
          chequers_serial_rivers_room_a, amcnicky_mini_rare_corridor_liquid,
          grunt_decor_junction
D:5:      layout_gridville, nicolae_gozag_cash_rules_everything_around_me,
          kennysheep_mini_moat, uniq_blork_the_orc, uniq_grinder, uniq_sigmund

Skill      XL: |  1  2  3  4  5 |
---------------+----------------+-----
Dodging        | 2 |  2.4
Earth Magic    | 3 4 |  4.4
Spellcasting   | 3 4 |  4.1
Stealth        | 2 |  2.1
Fighting       | |  0.3
Long Blades    | |  0.1
Shields        | |  0.2
Conjurations   | |  1.0

Action                     |  1- 3 |  4- 6 || total
---------------------------+-------+-------++-------
  Melee: Dagger            |    17 |     5 ||    22
         Unarmed           |     1 |       ||     1
         Tailslap          |     2 |     1 ||     3
         Falchion          |       |    12 ||    12
   Cast: Sandblast         |    39 |    50 ||    89
    Use: Scroll            |       |     5 ||     5
   Stab: Sleeping          |       |     2 ||     2
 Armour: Robe              |    14 |    36 ||    50
  Dodge: Dodged            |    16 |    22 ||    38
  Block: Other             |     8 |     8 ||    16
